 Dungeon Crawl Stone Soup version 0.30-a0-134-gb40fab5c76 (webtiles) character file.

Game seed: 9637837411338768049

74 Garessta the Slasher (level 4, -5/33 HPs)
             Began as a Demonspawn Gladiator on Sept 20, 2022.
             Was a Believer of Uskayaw.
             Slain by an orc wizard
             ... wielding a +0 rapier
              (7 damage)
             ... on level 3 of the Dungeon.
             The game lasted 00:07:18 (2461 turns).

Garessta the Slasher (Demonspawn Gladiator)         Turns: 2461, Time: 00:07:19

Health: -5/33      AC:  4    Str: 15    XL:     4   Next: 9%
Magic:  3/5        EV: 13    Int:  9    God:    Uskayaw [**....]
Gold:   112        SH:  0    Dex: 22    Spells: 3/3 levels left

rFire   . . .      SeeInvis .    a - +0 long sword
rCold   . . .      Faith    +    (no shield)
rNeg    . . .      Spirit   .    b - +0 robe
rPois   .          Reflect  .    (helmet restricted)
rElec   .          Harm     .    (no cloak)
rCorr   .          Rampage  .    (no gloves)
Will    .....                    t - +0 pair of boots
Stlth   ++........               r - amulet of faith
HPRegen 0.11/turn                l - +6 ring of dexterity
MPRegen 0.18/turn                s - ring of flight

@: flying
A: antennae 1, rugged brown scales 1, magic regeneration
a: Renounce Religion, Stomp, Line Pass


You were on level 3 of the Dungeon.
You worshipped Uskayaw.
Uskayaw was noncommittal.
You visited 1 branch of the dungeon, and saw 3 of its levels.

You collected 112 gold pieces.

Inventory:

Hand Weapons
 a - a +0 long sword (weapon)
Missiles
 d - 3 throwing nets
 e - a stone (quivered)
 h - a javelin
Armour
 b - a +0 robe (worn)
 t - a +0 pair of boots (worn)
Jewellery
 l - a +6 ring of dexterity (left hand)
 m - a ring of wizardry
 r - an amulet of faith (around neck)
 s - a ring of flight (right hand)
Scrolls
 c - 3 scrolls of enchant armour {unknown}
 f - a scroll of poison {unknown}
 g - 3 scrolls of identify {unknown}
 k - a scroll of teleportation {unknown}
 p - a scroll of noise {unknown}
 u - a scroll of brand weapon {unknown}
Potions
 i - a potion of might {unknown}
 j - a potion of attraction {unknown}
 n - a potion of resistance {unknown}
 o - 4 potions of curing {unknown}
 q - a potion of magic {unknown}


   Skills:
 - Level 2.0 Fighting
 + Level 1.0(2.8) Short Blades
 + Level 4.1(4.2) Long Blades
 - Level 1.7 Throwing
 - Level 2.6 Dodging
 + Level 1.4 Invocations


You had 3 spell levels left.
You didn't know any spells.
Your spell library contained the following spells:

 Spells                   Type           Power      Damage    Failure   Level
 Summon Forest            Summ/Tloc      0%         N/A       100%        5
 Summon Mana Viper        Hex/Summ       0%         N/A       100%        5
 Summon Cactus Giant      Summ           0%         N/A       100%        6


Dungeon Overview and Level Annotations

Branches:
Dungeon (3/15)

Altars:
Uskayaw

Shops:
D:2 (


Innate Abilities, Weirdness & Mutations

You have a pair of small antennae on your head.
You are partially covered in rugged brown scales. (AC +1, +3% HP)
You regenerate magic rapidly.


Message History

You are too confused!
You are too confused!
You are too confused!
The orc wizard barely misses you.
Okay, then.
The orc wizard barely misses you.
The orc wizard hits you with a +0 rapier.
You're too confused to move!
The orc wizard completely misses you.
The orc wizard attacks as you move away!
The orc wizard hits you but does no damage.
You feel less confused.
You hit the orc wizard.
The orc wizard is lightly wounded.
The orc wizard hits you with a +0 rapier.
You hit the orc wizard.
The orc wizard is moderately wounded.
The orc wizard hits you with a +0 rapier.
You miss the orc wizard.
The orc wizard is moderately wounded.
The orc wizard gestures wildly while chanting.
The orc wizard flickers and vanishes!
Deactivating autopickup; reactivate with Ctrl-A.
Something hits you.
You stomp with the beat, sending a shockwave through the revellers around you!
You can no longer stomp with the beat.
Something hits you.
You can now stomp with the beat.
Okay, then.
You barely miss something. Something hits you.
You barely miss something. Something hits you but does no damage.
You miss something. Something hits you but does no damage.
You hit something. Something hits you.
* * * LOW HITPOINT WARNING * * *
You can now pass through a line of other dancers.
You closely miss something. Something hits you.
* * * LOW HITPOINT WARNING * * *
Something hits you.
* * * LOW HITPOINT WARNING * * *
You miss something. Something hits you!
You die...

#.####.#.#.##....#.....##.#..
#.....>..........'..........[
######.#.#.##....#.....###..#
#.#.#.##....#+########..
#.#.#.##...........##...
#.#.#.######.......##...
#...#.#.?. +.......###..
#####.#.####..........##
#.....{@................
#.###.#.######........##
#.#.# #).......# ..#.#
#........# .....# #....#####
....### ...#### ...... ...
#'#'###


There were no monsters in sight!

Vanquished Creatures
  An adder (D:3)
  An orc (D:2)
  9 ball pythons
  5 bats
  3 endoplasms
  4 giant cockroaches
  4 goblins
  7 hobgoblins
  6 jackals
  3 quokkas
  A frilled lizard (D:3)
  6 kobolds
  7 rats
57 creatures vanquished.

Notes
Turn   | Place    | Note
-------+----------+-------------------------------------------
     0 | D:1      | Garessta the Demonspawn Gladiator began the quest for the
                  | Orb.
     0 | D:1      | Reached XP level 1. HP: 16/16 MP: 1/1
    30 | D:1      | Reached skill level 3 in Long Blades
   103 | D:1      | Gained mutation: You are partially covered in rugged brown
                  | scales. (AC +1, +3% HP) [demonic ancestry]
   103 | D:1      | Reached XP level 2. HP: 16/22 MP: 2/2
   867 | D:1      | Gained mutation: You have a pair of small antennae on your
                  | head. [demonic ancestry]
   867 | D:1      | Reached XP level 3. HP: 27/27 MP: 3/3
  1219 | D:2      | Reached skill level 4 in Long Blades
  1296 | D:2      | Found a hide-covered altar of Uskayaw.
  1302 | D:2      | Became a worshipper of Uskayaw the Reveller
  1384 | D:2      | Reached * piety under Uskayaw
  1721 | D:2      | Found Zizxicea's Antique Weapon Emporium.
  1975 | D:2      | Reached ** piety under Uskayaw
  2084 | D:3      | Reached skill level 1 in Invocations
  2140 | D:3      | Found a faded altar of an unknown god.
  2287 | D:3      | Gained mutation: You regenerate magic rapidly. [demonic
                  | ancestry]
  2287 | D:3      | Reached XP level 4. HP: 33/33 MP: 4/4
  2396 | D:3      | Reached skill level 1 in Short Blades
  2461 | D:3      | Slain by an orc wizard

Illustrated notes

Levels and vault maps discovered:
D:1:      minmay_arrival_floating_metal, layout_rooms
D:2:      layout_loops_ring, basic_altar, serial_shops,
          nicolae_shop_hallway_plus, minmay_worlds_worst_comb
D:3:      layout_basic, nicolae_ecumenical_snake_handling,
          minmay_fractal_squares_diagonal_5, uniq_natasha

Skill      XL: |  1  2  3  4 |
---------------+-------------+-----
Long Blades    | 3 4 |  4.1
Invocations    | 1 |  1.4
Short Blades   | 1 |  1.0
Fighting       | |  2.0
Throwing       | |  1.7
Dodging        | |  2.6

Action                   |  1- 3 |  4- 6 || total
-------------------------+-------+-------++-------
Melee: Long sword        |   119 |    20 ||   139
Throw: Stone             |     8 |       ||     8
       Javelin           |     2 |       ||     2
Invok: Stomp             |     1 |     1 ||     2
 Stab: Sleeping          |     4 |     1 ||     5
Armor: Leather armour    |    18 |       ||    18
       Robe              |    21 |     5 ||    26
Dodge: Dodged            |    90 |    12 ||   102

Table legend: (Time is in decaauts)
 A = Elapsed time spent in this place.
 B = Non-inter-level travel time spent in this place.
 C = Inter-level travel time spent in this place.
 D = Time resting spent in this place.
 E = Time spent auto-exploring this place.
 F = Levels seen in this place.
 G = Mean time per level.
                   A        B        C        D        E       F      G
               +--------+--------+--------+--------+--------+-----+--------+
         Total |   2507 |   2285 |    222 |    136 |   1689 |   3 |  835.7 |
       Dungeon |   2507 |   2285 |    222 |    136 |   1689 |   3 |  835.7 |
               +--------+--------+--------+--------+--------+-----+--------+

Top non-repeatable levels by time:
     D:1: 1333 daAuts
     D:2: 751 daAuts
     D:3: 422 daAuts
